 Dungeon Crawl Stone Soup version 0.30.0-21-gd299b56b3f (webtiles) character file.

Game seed: 16288396582325172533

2719 qw the Cleaver (level 9, -2/57 HPs)
             Began as a Gargoyle Fighter on June 2, 2023.
             Slain by a centaur (3 damage)
             ... on level 8 of the Dungeon.
             The game lasted 00:03:13 (6715 turns).

qw the Cleaver (Gargoyle Fighter)                   Turns: 6715, Time: 00:03:13

Health: -2/57      AC: 23    Str: 23    XL:     9   Next: 66%
Magic:  9/9        EV:  9    Int: 13    God:
Gold:   344        SH:  9    Dex:  9    Spells: 8/8 levels left

rFire   . . .        Y - +0 war axe (protect)
rCold   + . .        a - +0 kite shield
rNeg    + . .        b - +3 scale mail of the Raven {rElec Will+ Int+3}
rPois   inf          (no helmet)
rElec   +            (no cloak)
rCorr   .            (no gloves)
SInv    .            (no boots)
Will    +....        (no amulet) Stlth
                     i - ring of protection from cold
HPRegen 0.29/turn    (no ring)
MPRegen 0.11/turn

%: no passive effects
@: under a protective aura
A: sickness immunity, AC +6, negative energy resistance 1, electricity
resistance, torment resistance 1, petrification resistance
a: no special abilities


You were on level 8 of the Dungeon.
You visited 1 branch of the dungeon, and saw 8 of its levels.

You collected 344 gold pieces.


Innate Abilities, Weirdness & Mutations

You are immune to sickness and miasma.
Your stone body is resilient. (AC +6)
You are immune to poison.
You resist negative energy. (rN+)
You are resistant to electric shocks. (rElec)
You are resistant to unholy torment.
You are immune to petrification.


   Skills:
 - Level 7.1 Fighting
 + Level 8.2 Axes
 - Level 2.2 Throwing
 - Level 3.2 Armour
 - Level 1.6 Dodging
 - Level 8.0 Shields


You had 8 spell levels left.
You didn't know any spells.
Your spell library was empty.

Inventory:

Hand Weapons
 k - a +0 morningstar
 Y - a +0 war axe of protection (weapon)
Missiles
 m - a javelin (quivered)
Armour
 a - a +0 kite shield (worn)
 b - the +3 scale mail of the Raven (worn) {rElec Will+ Int+3}
   (You found it on level 7 of the Dungeon)

   Int:       It affects your intelligence (+3).
   rElec:     It insulates you from electricity.
   Will:      It increases your willpower.
 f - a +0 chain mail
Jewellery
 i - a ring of protection from cold (left hand)
 p - a ring of positive energy
Scrolls
 h - 4 scrolls of identify
Potions
 c - 2 potions of lignification
 d - a potion of might
 e - 3 potions of curing
 j - 4 potions of attraction
 l - a potion of resistance
 n - a potion of mutation
 o - a potion of haste

Dungeon Overview and Level Annotations

Branches:
Dungeon (8/15)             Temple (0/1) D:7
   Lair: D:8-11

Altars:
Fedhas
Wu Jian
Yredelemnul

Shops:
D:5 (


Message History

You block the killer bee's attack.
The orc warrior hits you with a +0 dire flail.
The killer bee stings you. The killer bee completely misses you.
The orc hits you with a +0 flail.
You barely miss the killer bee.
The killer bee is almost dead.
You slash the killer bee! You miss the killer bee.
You hit the orc but do no damage. You hit the orc warrior.
You block the killer bee's attack. x2; The killer bee stings you. x2
You block the killer bee's attack.
The killer bee stings you but does no damage.
You block the orc's attack.
The orc warrior hits you with a +0 dire flail.
6713 ||| DRINKING potion of heal wounds.
You feel much better. The killer bee completely misses you.
You block the killer bee's attack. The killer bee stings you.
The killer bee stings you but does no damage. x2
The killer bee closely misses you. The orc barely misses you.
The orc warrior hits you with a +0 dire flail!
You slash the killer bee!
You kill the killer bee!
You hit the killer bee but do no damage.
You hit the orc but do no damage. You barely miss the orc warrior.
You miss the killer bee.
You hear the faint creaking of a distant portcullis.
The killer bee barely misses you. x2; You block the killer bee's attack. x2
The centaur hits you.
The centaur kicks you but does no damage.
The orc warrior hits you but does no damage.
The orc hits you but does no damage.
You miss the killer bee.
The killer bee is almost dead.
You miss the killer bee. You slash the orc!
You kill the orc!
You hit the centaur.
You hit the orc warrior but do no damage.
The killer bee barely misses you. The killer bee stings you.
The centaur hits you.
You die...

...... ######...#
.......##### #.........
.......#...###.........
.......#...##..........
.....................
#..#....###.........
#...#...# ##.#.####
#.#yc...###....#
#@o.......#.##
#)y...#.###.).
....o#<.##.# .....
...#....##.# .......
.....#..o##.# .......
y........>..# .......
#...##....... .......
#. #.#.#..# # ..#....#


You could see an orc warrior, a centaur, 2 killer bees, an orc priest and an orc
wizard.

Vanquished Creatures
  Pikel (D:7)
  Prince Ribbit (D:5)
  A steam dragon (D:8)
  2 ogres (D:5)
  A centaur (D:7)
  2 phantoms (D:5)
  A lemure (D:7)
  A kobold brigand (D:7)
  A wyvern zombie (D:6)
  3 bullfrogs
  A scorpion (D:5)
  3 wights (D:6)
  4 killer bees (D:8)
  2 howler monkeys
  A quasit (D:4)
  A jelly (D:5)
  5 orc priests
  3 hounds
  Ijyb (D:3)
  3 iguanas
  5 orc wizards
  A killer bee zombie (D:6)
  5 adders
  3 shadow imps (D:4)
  2 white imps
  2 worms
  4 dart slugs
  32 orcs
  6 ball pythons
  5 endoplasms
  2 giant cockroaches (D:1)
  5 goblins
  4 hobgoblins
  5 quokkas
  2 bats
  7 frilled lizards
  10 kobolds
  2 rats
140 creatures vanquished.

Notes
Turn   | Place    | Note
-------+----------+-------------------------------------------
     0 | D:1      | qw the Gargoyle Fighter began the quest for the Orb.
     0 | D:1      | Reached XP level 1. HP: 14/14 MP: 1/1
     0 | D:1      | 0 ||| qw: Version: 0.2-a-102-gdf20003
     0 | D:1      | 0 ||| qw: Game counter: 884
     0 | D:1      | 0 ||| qw: Always use a shield: true
     0 | D:1      | 0 ||| qw: God list: Okawaru
     0 | D:1      | 0 ||| qw: Allow faded altars: false
     0 | D:1      | 0 ||| qw: Do Orc after D:15 true
     0 | D:1      | 0 ||| qw: Do second Lair branch before Depths: true
     0 | D:1      | 0 ||| qw: Lair rune preference: random
     0 | D:1      | 0 ||| qw: Plans: Normal, Zot:1-4, Slime:5, God:TSO, Crypt,
                  | Tomb, Pan, Hells, Abyss, Win
     0 | D:1      | 0 ||| PLANNING D:1-11
    17 | D:1      | 17 ||| FLEEEEING.
    23 | D:1      | 23 ||| Stepping ~*~*~tactically~*~*~ (hiding).
    24 | D:1      | 24 ||| Stepping ~*~*~tactically~*~*~ (hiding).
   161 | D:1      | Reached XP level 2. HP: 19/19 MP: 2/2
   186 | D:1      | 186 ||| Stepping ~*~*~tactically~*~*~ (hiding).
   187 | D:1      | 187 ||| Stepping ~*~*~tactically~*~*~ (hiding).
   188 | D:1      | 188 ||| Stepping ~*~*~tactically~*~*~ (hiding).
   535 | D:1      | Reached skill level 3 in Axes
   664 | D:1      | 664 ||| Stepping ~*~*~tactically~*~*~ (stealth).
   671 | D:1      | Reached XP level 3. HP: 23/23 MP: 3/3
   763 | D:1      | 763 ||| READING scroll labelled KUTRAPPITO.
   780 | D:1      | 780 ||| READING 3 scrolls labelled BIH PAYSTRYR.
   781 | D:1      | 781 ||| READING scroll labelled ALILEZXYHUUT.
   782 | D:1      | 782 ||| READING scroll labelled IJAGAE KAUHI.
   783 | D:1      | 783 ||| READING scroll labelled USMYNLUOSU.
   784 | D:1      | 784 ||| READING 2 scrolls of identify.
   784 | D:1      | 784 ||| IDENTIFYING red potion
   785 | D:1      | 785 ||| DROPPING potion of flight.
  1214 | D:2      | 1214 ||| STAIRDANCE
  1229 | D:1      | 1229 ||| READING scroll labelled SOESI TE SUAT.
  1230 | D:1      | 1230 ||| READING 3 scrolls labelled NEIH YGOTEOGHE.
  1231 | D:1      | 1231 ||| READING 2 scrolls of identify.
  1231 | D:1      | 1231 ||| IDENTIFYING fizzy black potion
  1232 | D:1      | 1232 ||| DROPPING 2 scrolls of amnesia.
  1430 | D:2      | Reached XP level 4. HP: 28/28 MP: 4/4
  1504 | D:2      | 1504 ||| UPGRADING to +0 kite shield.
  1514 | D:2      | 1514 ||| DROPPING +0 buckler.
  1633 | D:3      | 1633 ||| Stepping ~*~*~tactically~*~*~ (stealth).
  1635 | D:3      | 1635 ||| Stepping ~*~*~tactically~*~*~ (stealth).
  1738 | D:3      | Noticed Ijyb
  1751 | D:3      | Killed Ijyb
  1788 | D:3      | 1788 ||| Stepping ~*~*~tactically~*~*~ (stealth).
  1790 | D:3      | 1790 ||| Stepping ~*~*~tactically~*~*~ (stealth).
  1801 | D:3      | Reached XP level 5. HP: 28/32 MP: 5/5
  1821 | D:3      | 1821 ||| DROPPING +0 mace.
  1827 | D:3      | Found a faded altar of an unknown god.
  2250 | D:3      | 2250 ||| UPGRADING to ring of protection from cold.
  2251 | D:3      | 2251 ||| DROPPING ring of magical power.
  2252 | D:3      | 2252 ||| READING scroll labelled DIADOIM FOCERCH.
  2253 | D:3      | 2253 ||| READING scroll labelled SUEGRU IKHIU.
  2254 | D:3      | 2254 ||| DRINKING 2 blue potions.
  2255 | D:3      | 2255 ||| READING 4 scrolls of identify.
  2255 | D:3      | 2255 ||| IDENTIFYING sedimented purple potion
  2256 | D:3      | 2256 ||| READING 3 scrolls of identify.
  2256 | D:3      | 2256 ||| IDENTIFYING viscous cyan potion
  2257 | D:3      | 2257 ||| DROPPING potion of brilliance.
  2272 | D:4      | 2272 ||| PLANNING SEWER
  2280 | D:4      | 2280 ||| Stepping ~*~*~tactically~*~*~ (hiding).
  2292 | D:4      | 2292 ||| Stepping ~*~*~tactically~*~*~ (stealth).
  2293 | D:4      | 2293 ||| Stepping ~*~*~tactically~*~*~ (stealth).
  2445 | D:4      | 2445 ||| Stepping ~*~*~tactically~*~*~ (hiding).
  2456 | D:4      | Reached XP level 6. HP: 31/37 MP: 6/6
  2491 | D:4      | 2491 ||| Stepping ~*~*~tactically~*~*~ (stealth).
  2492 | D:4      | 2492 ||| Stepping ~*~*~tactically~*~*~ (stealth).
  2638 | D:4      | You fall into a shaft and drop 2 floors!
  2687 | D:6      | HP: 9/37 [something/magic dart (8)]
  2881 | D:6      | 2881 ||| DRINKING 2 smoky brown potions.
  2918 | D:5      | Entered Level 5 of the Dungeon
  2979 | D:5      | Reached skill level 1 in Dodging
  2979 | D:5      | Reached XP level 7. HP: 26/43 MP: 7/7
  3152 | D:5      | Found an ornate altar of the Wu Jian Council.
  3154 | D:5      | 3154 ||| RIP SEWER
  3154 | D:5      | 3154 ||| PLANNING D:1-11
  3174 | D:5      | 3174 ||| READING scroll labelled DICUTY MAILL.
  3178 | D:5      | 3178 ||| FLEEEEING.
  3179 | D:5      | 3179 ||| FLEEEEING.
  3180 | D:5      | 3180 ||| STAIRDANCE
  3181 | D:4      | 3181 ||| RIP SEWER
  3210 | D:4      | 3210 ||| Stepping ~*~*~tactically~*~*~ (stealth).
  3211 | D:4      | 3211 ||| Stepping ~*~*~tactically~*~*~ (stealth).
  3289 | D:4      | 3289 ||| Stepping ~*~*~tactically~*~*~ (hiding).
  3549 | D:4      | 3549 ||| Stepping ~*~*~tactically~*~*~ (stealth).
  3576 | D:4      | 3576 ||| DROPPING +0 flail.
  3607 | D:4      | Reached skill level 1 in Throwing
  3656 | D:4      | 3656 ||| Stepping ~*~*~tactically~*~*~ (stealth).
  4016 | D:4      | 4016 ||| UPGRADING to +0 chain mail.
  4026 | D:4      | 4026 ||| DROPPING +0 scale mail.
  4027 | D:4      | 4027 ||| READING 2 scrolls labelled VADAIS BOYMIBU.
  4028 | D:4      | 4028 ||| READING 5 scrolls of identify.
  4028 | D:4      | 4028 ||| IDENTIFYING sedimented white potion
  4029 | D:4      | 4029 ||| DROPPING scroll of blinking.
  4295 | D:5      | Reached skill level 6 in Axes
  4297 | D:5      | Reached skill level 6 in Shields
  4297 | D:5      | Reached XP level 8. HP: 43/48 MP: 8/8
  4344 | D:5      | Found Bikkur's Antique Weapon Boutique.
  4388 | D:5      | 4388 ||| SHOPLISTING crystal war axe (272 gold, have 240).
  4451 | D:5      | Noticed Prince Ribbit
  4473 | D:5      | Killed Prince Ribbit
  4860 | D:5      | 4860 ||| READING 5 scrolls of identify.
  4860 | D:5      | 4860 ||| IDENTIFYING ruby potion
  4861 | D:5      | 4861 ||| READING 4 scrolls of identify.
  4861 | D:5      | 4861 ||| IDENTIFYING sedimented puce potion
  4862 | D:5      | 4862 ||| DROPPING potion of degeneration.
  4907 | D:6      | 4907 ||| Stepping ~*~*~tactically~*~*~ (stealth).
  5183 | D:6      | Found a basalt altar of Yredelemnul.
  5227 | D:6      | Found a blossoming altar of Fedhas.
  5643 | D:6      | 5643 ||| Stepping ~*~*~tactically~*~*~ (hiding).
  5646 | D:6      | 5646 ||| Stepping ~*~*~tactically~*~*~ (hiding).
  5647 | D:6      | 5647 ||| Stepping ~*~*~tactically~*~*~ (hiding).
  5721 | D:6      | Reached XP level 9. HP: 54/54 MP: 9/9
  5820 | D:6      | 5820 ||| READING scroll labelled JUMMYNG LUGRE.
  5821 | D:6      | 5821 ||| READING 3 scrolls of identify.
  5821 | D:6      | 5821 ||| IDENTIFYING fuming orange potion
  5890 | D:7      | Identified the +3 scale mail of the Raven {rElec Will+
                  | Int+3}
  6255 | D:7      | Found a staircase to the Ecumenical Temple.
  6256 | D:7      | 6256 ||| PLANNING TEMPLE
  6438 | D:7      | Noticed Pikel
  6460 | D:7      | Killed Pikel
  6515 | D:7      | 6515 ||| READING scroll of brand weapon.
  6515 | D:7      | 6515 ||| BRANDING +0 war axe of draining.
  6633 | D:7      | 6633 ||| UPGRADING to +3 scale mail of the Raven {rElec
                  | Will+ Int+3}.
  6643 | D:7      | 6643 ||| DROPPING ring of wizardry.
  6692 | D:8      | 6692 ||| Stepping ~*~*~tactically~*~*~ (stealth).
  6712 | D:8      | HP: 11/57 [orc warrior/+0 dire flail (5)]
  6713 | D:8      | 6713 ||| DRINKING potion of heal wounds.
  6715 | D:8      | HP: 1/57 [killer bee (6)]
  6715 | D:8      | Slain by a centaur

Levels and vault maps discovered:
D:1:      lightli_arrival_lavapool, layout_basic
D:2:      layout_basic
D:3:      layout_basic, basic_ecumenical_altar, uniq_ijyb
D:4:      layout_loops_corners, gup_sewer_entry_bowl, serial_demonic,
          serial_demonic_g, serial_demonic_e, serial_demonic_c,
          serial_demonic_d, minmay_misc_feat_room
D:5:      layout_gridville, mainiacjoe_overflow_chevrons, serial_shops, shop,
          uniq_prince_ribbit1
D:6:      layout_cave_pods, lemuel_zombie_altar_yredelemnul, lemuel_tele_altar,
          nicolae_figureground_sparkle
D:7:      layout_gridville, minmay_temple_entry_from_below_b, uniq_pikel
D:8:      layout_rooms, enter_bailey_8

Skill      XL: |  1  2  3  4  5  6  7  8  9 |
---------------+----------------------------+-----
Axes           | 2 3 4 5 6 7 8 |  8.2
Shields        | 4 5 6 7 8 |  8.0
Fighting       | 4 5 7 |  7.1
Dodging        | 1 |  1.6
Throwing       | 1 2 |  2.2
Armour         | |  3.2

Action                     |  1- 3 |  4- 6 |  7- 9 || total
---------------------------+-------+-------+-------++-------
  Melee: War axe           |    72 |   150 |   216 ||   438
  Throw: Javelin           |       |     7 |    22 ||    29
    Use: Scroll            |     9 |     4 |     8 ||    21
         Potion            |       |     2 |     1 ||     3
 Armour: Scale mail        |    36 |    99 |    55 ||   190
         Skin              |       |     8 |       ||     8
         Chain mail        |       |       |    89 ||    89
  Dodge: Dodged            |    33 |    59 |   101 ||   193
  Block: Buckler           |    13 |     3 |       ||    16
         Kite shield       |       |    59 |   124 ||   183

Table legend:
 A = Non-vault XP
 B = Vault XP
 C = Vault XP percentage of total XP
 D = Non-vault monster count
 E = Vault monster count
 F = Vault count percentage of total count
                 A         B        C        D         E       F
            +---------+---------+-------+---------+---------+-------
      Total |    2710 |    1178 |  30.3 |     126 |      13 |   9.4
            +---------+---------+-------+---------+---------+-------
        D:1 |      36 |       0 |   0.0 |      18 |       0 |   0.0
        D:2 |      62 |       0 |   0.0 |      15 |       0 |   0.0
        D:3 |      32 |      39 |  54.9 |      14 |       1 |   6.7
        D:4 |     380 |      94 |  19.8 |      26 |       8 |  23.5
        D:5 |     673 |     264 |  28.2 |      13 |       1 |   7.1
        D:6 |     672 |     118 |  14.9 |      25 |       2 |   7.4
        D:7 |     360 |     663 |  64.8 |       8 |       1 |  11.1
        D:8 |     495 |       0 |   0.0 |       7 |       0 |   0.0
            +---------+---------+-------+---------+---------+-------
